 Dungeon Crawl Stone Soup version 0.18.1-6-gd335043 (webtiles) character file.

357 M4edhros the Conjurer (level 6, -3/41 HPs)
             Began as a Mummy Conjurer on May 18, 2016.
             Slain by a river rat (10 damage)
             ... on level 5 of the Dungeon.
             The game lasted 00:05:33 (2950 turns).

M4edhros the Conjurer (Mummy Conjurer)              Turns: 2950, Time: 00:05:34

Health: -3/41      AC:  6    Str: 12    XL:     6   Next: 36%
Magic:  4/9        EV: 12    Int: 16    God:
Gold:   89         SH:  0    Dex: 12    Spells: 1 memorised, 8 levels left

rFire  . . .     SeeInvis .     h - +0 short sword
rCold  . . .     Gourm    .     a - +0 robe
rNeg   + + +     Faith    .     (no shield)
rPois  ∞         Spirit   .     (no helmet)
rElec  .         Dismiss  .     d - +2 cloak
rCorr  .         Reflect  .     (no gloves)
SustAt .         Harm     .     k - +0 pair of boots
MR     .....                    (no amulet)
Stlth  ++........               (no ring)
                                i - ring of fire

@: not resistant to hostile enchantments, unstealthy
A: no food or potions, fire vulnerability, cold resistance 1, negative energy
resistance 3, torment resistance, unbreathing
a: no special abilities


You were on level 5 of the Dungeon.
You were not hungry.

You visited 1 branch of the dungeon, and saw 5 of its levels.

You collected 89 gold pieces.

Inventory:

Hand Weapons
 h - a +0 short sword (weapon)
Armour
 a - a +0 robe (worn)
 d - a +2 cloak (worn)
 k - a +0 pair of boots (worn)
Jewellery
 i - a ring of fire (left hand)
Scrolls
 c - a scroll of remove curse {unknown}
 e - 3 scrolls of identify {unknown}
 f - 2 scrolls of teleportation {unknown}
 g - 2 scrolls of enchant armour {unknown}
 j - a scroll of noise {unknown}
Books
 b - a book of Conjurations

   Spells                             Type                      Level
   a - Magic Dart                     Conjuration                  1
   b - Searing Ray                    Conjuration                  2
   c - Dazzling Spray                 Conjuration/Hexes            3
   d - Fulminant Prism                Conjuration/Hexes            4
   e - Iskenderun's Mystic Blast      Conjuration                  4
   f - Iskenderun's Battlesphere      Conjuration/Charms           5


   Skills:
 - Level 1.5 Dodging
 - Level 1.5 Stealth
 - Level 2.0 Spellcasting
 + Level 6.4 Conjurations


You had 8 spell levels left.
You knew the following spells:

 Your Spells              Type           Power        Failure   Level  Hunger
a - Magic Dart            Conj           ###.         1%          1    N/A

Dungeon Overview and Level Annotations

Branches:
Dungeon (5/15)
 Temple: D:4-7

Altars:

Portals:
Sewer: D:5

Annotations:
D:3 Statics's ghost, weakling TrMo
D:4 Dowan; Duvessa


Innate Abilities, Weirdness & Mutations

You do not eat or drink.
Your flesh is vulnerable to fire.
You are immune to poison.
Your flesh is cold resistant.
You are immune to negative energy.
You are immune to unholy pain and torment.
You can survive without breathing.


Message History

The river rat is moderately wounded.
You hear the rapid rusting of a drain.
The river rat bites you but does no damage.
Casting: Magic Dart
Confirm with . or Enter, or press ? or * to list all spells.
Aiming: Magic Dart
Press: ? - help, Shift-Dir - straight line, f/p - river rat
Aim: a river rat (moderately wounded)
The magic dart hits the river rat.
The river rat is moderately wounded.
The river rat barely misses you.
Casting: Magic Dart
Confirm with . or Enter, or press ? or * to list all spells.
Aiming: Magic Dart
Press: ? - help, Shift-Dir - straight line, f/p - river rat
Aim: a river rat (moderately wounded)
The magic dart hits the river rat.
The river rat is moderately wounded.
The river rat bites you!
You die...

#.## #..#
##.# #÷# #†#
#.## #..#
##r#########
#.@.......#
#......≈≈≈#
#....≈≈≈≈≈#
#....≈≈≈≈≈#
#....≈#'#+#
#..≈≈≈#≈≈≈
##.≈.≈#≈∩≈#
#..≈≈#≈≈≈#
##########


You could see a river rat.

Vanquished Creatures
  A scorpion (D:5)
  A howler monkey (D:5)
  A crimson imp (D:5)
  2 worker ants
  A worker ant zombie (D:5)
  4 river rats (D:5)
  6 adders
  A shadow imp (D:3)
  2 oozes (D:1)
  2 worms
  2 dart slugs
  3 giant geckos
  3 orcs (D:3)
  2 giant cockroaches
  3 hobgoblins
  6 jackals (D:1)
  5 kobolds
  A quokka (D:2)
  2 ball pythons
  7 bats
  7 giant newts
  A goblin (D:1)
  8 rats
71 creatures vanquished.

Vanquished Creatures (others)
  13 fungi (D:5)
13 creatures vanquished.

Grand Total: 84 creatures vanquished

Notes
Turn   | Place    | Note
--------------------------------------------------------------
     0 | D:1      | M4edhros the Mummy Conjurer began the quest for the Orb.
     0 | D:1      | Reached XP level 1. HP: 13/13 MP: 3/3
   230 | D:1      | Reached XP level 2. HP: 6/19 MP: 0/5
   722 | D:1      | Reached skill level 4 in Conjurations
  1032 | D:1      | Reached XP level 3. HP: 24/24 MP: 6/6
  1763 | D:2      | Reached XP level 4. HP: 30/30 MP: 3/7
  2075 | D:3      | Noticed Statics's ghost (weakling TrMo)
  2133 | D:3      | Reached skill level 5 in Conjurations
  2230 | D:4      | Noticed Duvessa
  2230 | D:4      | Noticed Dowan
  2280 | D:4      | Reached XP level 5. HP: 24/35 MP: 0/8
  2296 | D:5      | Entered Level 5 of the Dungeon
  2437 | D:5      | Noticed a sky beast
  2466 | D:5      | Reached skill level 6 in Conjurations
  2562 | D:5      | Reached XP level 6. HP: 38/41 MP: 3/9
  2858 | D:5      | Found a glowing drain.
  2950 | D:5      | Slain by a river rat

Skill      XL: |  1  2  3  4  5 |
---------------+----------------+-----
Conjurations   | 4 5 6 |  6.4
Dodging        | |  1.5
Stealth        | |  1.5
Spellcasting   | |  2.0

Action                   |  1- 3 |  4- 6 || total
-------------------------+-------+-------++-------
Melee: Unarmed           |    92 |       ||    92
       Short sword       |       |    72 ||    72
 Cast: Magic Dart        |    83 |   118 ||   201
 Stab: Sleeping          |     2 |       ||     2
Armor: Robe              |    48 |    46 ||    94
Dodge: Dodged            |    93 |   104 ||   197
